Map: Romanticide LE

Players

Slaight

  • Race: Protoss Protoss
  • Spawn Location: 11:00

VOD

Have the link to the VOD?

Description

Time

  • Played on: Oct. 17, 2020, 3:22 a.m.
  • Length: 8:38
Show
View Real Time Build Order
Export as new Build Order

Slaight Protoss 

Build Orders:  

Get SALT Encoding   

  12  0:05  Probe (Chrono Boost)  
  14  0:22  Probe (Chrono Boost)  
  14  0:25  Pylon  
  14  0:36  Assimilator  
  14  0:39  Probe (Chrono Boost)  
  15  0:50  Probe (Chrono Boost)  
  16  1:02  Gateway  
  16  1:03  Probe (Chrono Boost)  
  17  1:18  Probe (Chrono Boost)  
  18  1:29  Probe (Chrono Boost)  
  19  1:41  Probe (Chrono Boost)  
  20  2:01  Nexus  
  21  2:16  Cybernetics Core  
  20  2:24  Assimilator  
  20  2:26  Probe (Chrono Boost)  
  21  2:35  Pylon  
  21  2:43  Probe (Chrono Boost)  
  22  2:59  Probe (Chrono Boost)  
  25  3:14  Probe  
  26  3:22  Robotics Facility  
  26  3:31  Probe  
  26  3:36  Unknown  
  29  3:41  Stalker (Chrono Boost)  
  29  3:46  Probe  
  29  3:48  Probe  
  31  4:02  Twilight Council  
  31  4:06  Probe  
  31  4:07  Probe  
  33  4:20  Warp Prism (Chrono Boost)  
  35  4:33  Warp Gate  
  33  4:41  Probe  
  34  4:57  Gateway  
  34  4:58  Immortal (Chrono Boost)  
  38  5:22  Gateway  
  38  5:41  Immortal (Chrono Boost)  
  42  5:54  Gateway  
  42  5:55  Pylon  
  42  5:59  Gateway  
  42  6:13  Gateway  
  42  6:15  Charge  
  42  6:16  Gateway  
  42  6:22  Gateway  
  42  6:34  Gateway  
  42  6:36  Pylon  
  42  6:44  Gateway  
  42  6:47  Pylon  
  42  7:09  Pylon  
  42  7:18  Zealot x3  
  42  7:19  Zealot x2  
  52  7:45  Zealot x3  
  58  7:57  Zealot  
  58  7:58  Zealot x4  
  68  8:09  Zealot  
  70  8:10  Zealot  
  72  8:27  Zealot  
  72  8:28  Zealot x2  
Tags
 
Add a new tag
Caveats
  • Supply blocks, unpowered buildings, or Contaminate may cause inaccurate times.
  • Supply counts are checked every 10 seconds.